 Dungeon Crawl Stone Soup version 0.26.0-10-g1f06aea511 (webtiles) character file.

Game seed: 14039948429447312657

207 Borgoz the Slasher (level 5, -1/45 HPs)
             Began as a Ghoul Gladiator on Jan 30, 2021.
             Slain by a centaur zombie (3 damage)
             ... on level 6 of the Dungeon.
             The game lasted 00:02:26 (2077 turns).

Borgoz the Slasher (Ghoul Gladiator)                Turns: 2077, Time: 00:02:26

Health: -1/45      AC:  7    Str: 18      XL:     5   Next: 85%
Magic:  4/4        EV: 12    Int:  3      God:
Gold:   49         SH:  0    Dex: 10 (11) Spells: 4/4 levels left

rFire    . . .     SeeInvis .   a - +0 long sword
rCold    + . .     Faith    .   (no shield)
rNeg     + + +     Spirit   .   b - +0 leather armour
rPois    ∞         Reflect  .   c - +0 helmet
rElec    .         Harm     .   (no cloak)
rCorr    .         Rampage  .   (no gloves)
Will     .....                  g - +2 pair of boots
Stlth    +.........             (no amulet)
HPRegen  0.00/turn              (no ring)
MPRegen  0.09/turn              (no ring)

@: no status effects
A: claws 1, cold resistance 1, negative energy resistance 3, inhibited
regeneration, torment resistance, unbreathing
a: no special abilities


You were on level 6 of the Dungeon.
You visited 1 branch of the dungeon, and saw 4 of its levels.

You collected 49 gold pieces.

Inventory:

Hand Weapons
 a - a +0 long sword (weapon)
Armour
 b - a +0 leather armour (worn)
 c - a +0 helmet (worn)
 g - a +2 pair of boots (worn)
Wands
 k - a wand of digging (1)
Scrolls
 e - a scroll of fog {unknown}
 f - 4 scrolls of teleportation
 h - a scroll of fear {unknown}
 i - a scroll of enchant armour {unknown}
 j - 4 scrolls of remove curse {unknown}
 l - 3 scrolls of identify {unknown}


   Skills:
 + Level 3.4 Fighting
 * Level 4.2 Long Blades
 - Level 1.7 Throwing
 + Level 1.9 Armour
 + Level 3.5 Dodging


You had 4 spell levels left.
You didn't know any spells.
Your spell library was empty.

Dungeon Overview and Level Annotations

Branches:
Dungeon (3/15)

Altars:
Fedhas
Gozag
Zin


Innate Abilities, Weirdness & Mutations

You thrive by killing the living.
You are immune to poison.
You have sharp fingernails.
Your flesh is cold resistant. (rC+)
You are immune to negative energy. (rN+++)
You do not regenerate when monsters are visible.
You are immune to unholy pain and torment.
You can survive without breathing.


Message History

d - a throwing net The centaur zombie barely misses you.
You riposte.
You slash the centaur zombie!
The centaur zombie is moderately damaged.
Throw: throwing net
Press: ? - help, Q - select action Shift-Dir - straight line, f - centaur zombie
Aim: a centaur zombie (moderately damaged)
You throw a throwing net.
The throwing net hits the centaur zombie.
The centaur zombie is caught in the net!
The centaur zombie is moderately damaged.
The centaur zombie struggles against the net.
You slash the centaur zombie!
The centaur zombie is heavily damaged.
The centaur zombie struggles against the net. x2
The net rips apart, and the centaur zombie comes free!
You hit the centaur zombie.
The centaur zombie is severely damaged.
The centaur zombie hits you.
You die...

###### ....[.
##.....##......
#..?....#......
...............
...............
...............
...............
......†.Z?.[...
#......@.......
...............
.........#?!...
.........##....
.......... ####
..........#
...........
............


You could see a centaur zombie.

Vanquished Creatures
  A bullfrog (D:6)
  Terence (D:2)
  A worker ant (D:6)
  4 adders (D:2)
  2 dart slugs
  3 orcs (D:3)
  2 ball pythons (D:2)
  3 giant cockroaches
  2 goblins
  6 hobgoblins
  4 jackals (D:1)
  5 bats
  6 frilled lizards
  9 kobolds
  6 rats
55 creatures vanquished.

Notes
Turn   | Place    | Note
-------+----------+-------------------------------------------
     0 | D:1      | Borgoz the Ghoul Gladiator began the quest for the Orb.
     0 | D:1      | Reached XP level 1. HP: 17/17 MP: 0/0
   131 | D:1      | Reached XP level 2. HP: 17/25 MP: 1/1
   290 | D:1      | Reached skill level 3 in Long Blades
   522 | D:1      | Reached XP level 3. HP: 12/30 MP: 2/2
   887 | D:2      | Noticed Terence
   913 | D:2      | Reached skill level 1 in Armour
   934 | D:2      | Killed Terence
   935 | D:2      | Reached XP level 4. HP: 23/37 MP: 3/3
  1399 | D:2      | Found an opulent altar of Gozag.
  1607 | D:2      | Found a glowing silver altar of Zin.
  1719 | D:2      | Found a blossoming altar of Fedhas.
  1877 | D:3      | Reached XP level 5. HP: 45/45 MP: 4/4
  2056 | D:3      | You fall into a shaft and drop 3 floors!
  2070 | D:6      | Reached skill level 4 in Long Blades
  2073 | D:6      | HP: 2/45 [centaur zombie (4)]
  2077 | D:6      | Slain by a centaur zombie

Illustrated notes

Levels and vault maps discovered:
D:1:      dpeg_arrival_pits, layout_rooms
D:2:      layout_basic, pdpol_temple_overflow_zin_treasury_gozag_greed,
          lemuel_coloured_pillars_altar, uniq_terence
D:3:      kennysheep_slugbush, layout_loops_ring, nicolae_underground_beach
D:6:      layout_rooms, lemuel_doored_altar, portal_sewer_entry_f,
          chequers_serial_rivers_micro_e

Skill      XL: |  1  2  3  4  5 |
---------------+----------------+-----
Long Blades    | 3 4 |  4.2
Armour         | 1 |  1.9
Dodging        | 3 |  3.5
Fighting       | 3 |  3.4
Throwing       | |  1.7

Action                   |  1- 3 |  4- 6 || total
-------------------------+-------+-------++-------
Melee: Long sword        |    92 |    95 ||   187
Throw: Throwing net      |     2 |     2 ||     4
  Use: Potion            |     4 |     1 ||     5
       Scroll            |     1 |     1 ||     2
 Stab: Held in net/web   |     1 |       ||     1
Armor: Leather armour    |    51 |    48 ||    99
Dodge: Dodged            |   120 |    82 ||   202
       Rpst.: Long sword |    40 |    26 ||    66
